 Dungeon Crawl Stone Soup version 0.27.0-1-g7a089689b8 (webtiles) character file.

Game seed: 6750729210708030291

1384 hyperkoen the Covert (level 8, -2/50 HPs)
             Began as an Octopode Venom Mage on Aug 8, 2021.
             Was an Initiate of Nemelex Xobeh.
             Shot with an arrow by a centaur (14 damage)
             ... on level 6 of the Dungeon.
             The game lasted 00:24:42 (8884 turns).

hyperkoen the Covert (Octopode Venom Mage)          Turns: 8884, Time: 00:24:43

Health: -2/50      AC:  1    Str:  8    XL:     8   Next: 67%
Magic:  1/12       EV: 13    Int: 17    God:    Nemelex Xobeh [......]
Gold:   350        SH:  0    Dex: 14    Spells: 9/13 levels left

rFire    . . .     SeeInvis .   t - +1 flail (protect)
rCold    . . .     Faith    .   (no shield)
rNeg     . . .     Spirit   .   n - +0 hat
rPois    .         Reflect  .   (no amulet)
rElec    .         Harm     .   (no ring)
rCorr    .         Rampage  .   (no ring)
Will     .....                  (no ring)
Stlth    +++++.....             (no ring)
HPRegen  0.16/turn              (no ring)
MPRegen  0.13/turn              (no ring)
                                (no ring)
                                (no ring)

@: very slightly contaminated
A: almost no armour, amphibious, 8 rings, camouflage 1, gelatinous body 1,
(nimble swimmer 1), tentacles
a: Renounce Religion, Draw Escape, Draw Destruction, Draw Summoning


You were on level 6 of the Dungeon.
You worshipped Nemelex Xobeh.
Nemelex Xobeh was noncommittal.
You visited 1 branch of the dungeon, and saw 6 of its levels.

You collected 350 gold pieces.

Inventory:

Hand Weapons
 s - a +1 dagger of venom
 t - a +1 flail of protection (weapon)
 z - a +0 shortbow
Missiles
 e - 16 poisoned darts
 A - 13 arrows
Armour
 n - a +0 hat (worn)
Jewellery
 h - a ring of fire
 o - a ring of wizardry
Wands
 l - a wand of flame (13)
Scrolls
 a - a scroll of silence {unknown}
 b - 5 scrolls of identify {unknown}
 c - a scroll of vulnerability {unknown}
 d - 2 scrolls of magic mapping {unknown}
 f - a scroll of holy word {unknown}
 g - a scroll of blinking {unknown}
 p - a scroll of noise {unknown}
 v - a scroll of enchant weapon {unknown}
 w - a scroll of enchant armour {unknown}
 y - a scroll of torment {unknown}
Potions
 i - a potion of resistance {unknown}
 j - a potion of berserk rage {unknown}
 k - a potion of curing
 m - 2 potions of degeneration {unknown}
 q - 2 potions of attraction {unknown}
 r - a potion of lignification {unknown}
 u - 2 potions of flight {unknown}
 x - a potion of heal wounds {unknown}


   Skills:
 - Level 2.0 Fighting
 - Level 2.1 Dodging
 * Level 9.1 Stealth
 - Level 3.0 Spellcasting
 + Level 0.7 Conjurations
 - Level 1.0 Transmutations
 + Level 0.8 Fire Magic
 * Level 8.3 Poison Magic
 + Level 3.9 Invocations


You had 9 spell levels left.
You knew the following spells:

 Your Spells              Type           Power      Damage    Failure   Level
a - Sting                 Tmut/Pois      72%        1d6       2%          1
b - Foxfire               Conj/Fire      20%        2x1d5     13%         1
z - Poisonous Vapours     Pois/Air       32%        N/A       4%          2

Your spell library contained the following spells:

 Spells                   Type           Power      Damage    Failure   Level
 Olgreb's Toxic Radiance  Pois           31%        N/A       5%          4
 Mephitic Cloud           Conj/Pois/Air  12%        N/A       16%         3
 Conjure Flame            Conj/Fire      5%         6-21      36%         3
 Inner Flame              Hex/Fire       3%         N/A       41%         3


Dungeon Overview and Level Annotations

Branches:
Dungeon (6/15)
 Temple: D:4-7

Altars:
Nemelex Xobeh
Xom

Shops:
D:3 *

Annotations:
D:6 exclusion: phantom


Innate Abilities, Weirdness & Mutations

You cannot wear most types of armour.
You are amphibious.
You can wear up to eight rings at the same time.
Your skin changes colour to match your surroundings (Stealth+).
Your rubbery body absorbs attacks. (AC +1, EV +1)
((You are camouflaged near water. (Stealth+)))
You have tentacles for arms and can constrict up to eight enemies at once.


Message History

Confirm with . or Enter, or press ? or * to list all spells.
Aiming: Poisonous Vapours (safe; 4% risk of failure)
Press: ? - help, Dir - move target, f/p - centaur
Aim: a centaur, wielding a +0 shortbow and quivering arrows
Okay, then.
You can't see any susceptible monsters within range! (Use Z to cast anyway.)
The centaur shoots an arrow.
The arrow barely misses you.
The centaur shoots an arrow.
The arrow hits you!
The sting hits the centaur.
The centaur is poisoned.
The centaur is lightly wounded.
The centaur shoots an arrow.
The arrow hits you!
* * * LOW HITPOINT WARNING * * *
You are too injured to fight recklessly!
You are too injured to fight recklessly!
Casting: Sting (safe; 2% risk of failure)
Confirm with . or Enter, or press ? or * to list all spells.
Aiming: Sting (safe; 2% risk of failure)
Press: ? - help, Shift-Dir - straight line, f/p - centaur
Aim: a centaur, wielding a +0 shortbow and quivering arrows (lightly wounded, poisoned, 84% to hit)
The sting hits the centaur.
The centaur looks even sicker.
The centaur is moderately wounded.
The centaur shoots an arrow.
The arrow misses you.
The centaur shoots an arrow.
The arrow misses you.
Casting: Sting (safe; 2% risk of failure)
Confirm with . or Enter, or press ? or * to list all spells.
You conjure some foxfire!
Casting: Foxfire (safe; 13% risk of failure)
Confirm with . or Enter, or press ? or * to list all spells.
Aiming: Sting (safe; 2% risk of failure)
Press: ? - help, Shift-Dir - straight line, f/p - centaur
Aim: a centaur, wielding a +0 shortbow and quivering arrows (heavily wounded, very poisoned, ally target, 84% to hit)
You miscast Sting.
You are very lightly contaminated with residual magic.
Nothing appears to happen.
The foxfire hits the centaur.
The centaur is heavily wounded.
The foxfire hits the centaur.
The centaur is severely wounded.
The centaur shoots an arrow.
The arrow hits you!
You die...
Your body disappears without a glow.

........###.## ..
#....##....#
..#####.......###.#
....#.......## ##
##..........##
##.....)......#
.#.............#
.......ยง.......#
.....c.@........#
..#$............#
................#
........###.....#
####....# ##..##
##..## .## ##. # #.


You could see a centaur (very poisoned).

Vanquished Creatures
  A water moccasin (D:6)
  2 sky beasts
  3 black bears (D:5)
  A centaur (D:6)
  A bullfrog (D:6)
  A scorpion (D:5)
  A gnoll sergeant (D:5)
  2 water moccasin skeletons (D:5)
  A howler monkey (D:5)
  A centaur zombie (D:5)
  3 hounds (D:5)
  4 iguanas
  3 orc wizards
  2 hound skeletons
  8 adders
  A shadow imp (D:3)
  4 dart slugs
  11 orcs
  4 ball pythons
  14 endoplasms
  3 giant cockroaches
  2 goblins
  5 hobgoblins
  5 jackals
  8 kobolds
  6 quokkas
  4 bats
  3 frilled lizards
  7 rats
111 creatures vanquished.

Vanquished Creatures (others)
  A centaur (D:6)
  A hound (D:6)
  An adder (D:6)
  2 foxfires (D:6)
5 creatures vanquished.

Grand Total: 116 creatures vanquished

Notes
Turn   | Place    | Note
-------+----------+-------------------------------------------
     0 | D:1      | hyperkoen the Octopode Venom Mage began the quest for the
                  | Orb.
     0 | D:1      | Reached XP level 1. HP: 11/11 MP: 3/3
   258 | D:1      | Found a faded altar of an unknown god.
   431 | D:1      | Reached skill level 3 in Stealth
   431 | D:1      | Reached XP level 2. HP: 13/17 MP: 3/5
   436 | D:1      | Learned a level 2 spell: Poisonous Vapours
  1353 | D:1      | Reached XP level 3. HP: 21/21 MP: 2/6
  2507 | D:2      | Reached skill level 4 in Stealth
  2539 | D:2      | Reached XP level 4. HP: 18/27 MP: 2/7
  3281 | D:3      | Found Lisegh's General Store.
  3302 | D:3      | Reached skill level 1 in Fighting
  4018 | D:3      | Reached XP level 5. HP: 33/33 MP: 5/8
  4103 | D:3      | Reached skill level 5 in Poison Magic
  4206 | D:3      | Found a sparkling altar of Nemelex Xobeh.
  4224 | D:3      | Became a worshipper of Nemelex Xobeh the Trickster
  4983 | D:4      | Reached skill level 5 in Stealth
  5311 | D:4      | You fall into a shaft and drop 1 floor!
  5311 | D:5      | Entered Level 5 of the Dungeon
  5345 | D:5      | Noticed a black bear
  5392 | D:5      | Reached skill level 1 in Invocations
  5392 | D:5      | Reached XP level 6. HP: 8/39 MP: 7/10
  5626 | D:5      | Noticed a black bear
  5631 | D:5      | Killed a black bear
  5666 | D:5      | Reached skill level 6 in Stealth
  5686 | D:5      | Noticed a sky beast
  5698 | D:5      | Killed a sky beast
  5699 | D:5      | Reached XP level 7. HP: 6/45 MP: 1/11
  6066 | D:5      | Reached skill level 7 in Stealth
  6785 | D:5      | Reached XP level 8. HP: 38/50 MP: 5/12
  7616 | D:5      | Reached skill level 8 in Stealth
  8284 | D:6      | Found a shimmering altar of Xom.
  8694 | D:6      | Learned a level 1 spell: Foxfire
  8709 | D:6      | Reached skill level 9 in Stealth
  8884 | D:6      | Shot with an arrow by a centaur

Illustrated notes

Levels and vault maps discovered:
D:1:      dpeg_arrival_rooms_c, layout_basic,
          shapermc_ecumenical_altar_acropolis
D:2:      minmay_wonky_spiral, layout_basic
D:3:      minmay_angry_zag, layout_rooms, nemelex_dance_club_becter,
          serial_shops, shop, kennysheep_generic_room_9
D:4:      layout_loops_ring, overflow_temple_1_default
D:5:      layout_cave_pods, supply_closet_lemuel, kennysheep_crisscross,
          hangedman_minor_gate_pass
D:6:      layout_layer_cave, xom_confusion_cloud

Skill      XL: |  1  2  3  4  5  6  7  8 |
---------------+-------------------------+-----
Stealth        | 3 4 5 6 7 9 |  9.1
Poison Magic   | 4 5 6 7 8 |  8.3
Fighting       | 1 2 |  2.0
Spellcasting   | 3 |  3.0
Invocations    | 1 2 3 |  3.9
Dodging        | |  2.1
Conjurations   | |  0.7
Transmutations | |  1.0
Fire Magic     | |  0.8

Action                   |  1- 3 |  4- 6 |  7- 9 || total
-------------------------+-------+-------+-------++-------
Melee: Unarmed           |    14 |       |       ||    14
       Constrict         |     8 |    10 |     8 ||    26
       Dagger            |    10 |     5 |       ||    15
       Tentacles         |     4 |     7 |     8 ||    19
       Quarterstaff      |       |    46 |    12 ||    58
       Rapier            |       |     4 |       ||     4
       Flail             |       |       |    21 ||    21
 Cast: Sting             |    38 |    62 |    45 ||   145
       Poisonous Vapours |    25 |    36 |    58 ||   119
       Foxfire           |       |       |     1 ||     1
  Use: Potion            |       |       |     1 ||     1
 Stab: Sleeping          |       |     1 |       ||     1
Armor: Skin              |     2 |     4 |    13 ||    19
Dodge: Dodged            |    18 |    62 |    51 ||   131
